 Dungeon Sprint DCSS version 0.31.0-1-g2c135a0 (webtiles) character file.

Game seed: 13967300994484982083

3500000 sdynet the Conqueror (level 20, -30/197 HPs)
             Began as a Mummy Gladiator on Jan 21, 2024.
             Was the Champion of Makhleb.
             Annihilated by The Servant
             ... wielding a +9 glaive of flaming
              (97 damage)
             ... in the Dungeon (Sprint VIII: "Arena of Blood").
             The game lasted 00:01:48 (35 turns).

sdynet the Conqueror (Mummy Gladiator)                Turns: 35, Time: 00:01:48

Health: -30/197    AC:  8    Str: 18    XL:     20   Next: 14%
Magic:  18/37      EV: 33    Int:  8    God:    Makhleb [******]
Gold:   0          SH:  0    Dex: 21    Spells: 41/41 levels left

rFire   x . .        a - +∞ Axe of Woe
rCold   + . .        (shield currently unavailable)
rNeg    + + +        b - +0 leather armour
rPois   ∞            c - +0 helmet
rElec   .            (no cloak)
rCorr   .            (no gloves)
SInv    .            (no boots)
Will    ++...        (no amulet)
Stlth   ++++++++++   h - +30 ring of slaying
HPRegen 0.52/turn    i - +200 ring of slaying
MPRegen 0.25/turn

%: no teleportation, faith
@: no status effects
A: cold resistance 1, negative energy resistance 3, torment resistance 2, heat
vulnerability 1, in touch with death 2, no potions, faith
a: Renounce Religion, Minor Destruction, Lesser Servant of Makhleb, Major
Destruction, Greater Servant of Makhleb


You were in the Dungeon.
You worshipped Makhleb.
Makhleb was exalted by your worship.
You visited 1 branch

Inventory:

Hand Weapons
 a - the +∞ Axe of Woe (weapon)
   (You found it in the Dungeon)
 g - a +0 war axe
Missiles
 d - 3 throwing nets (quivered)
 e - a javelin
Armour
 b - a +0 leather armour (worn)
 c - a +0 helmet (worn)
Jewellery
 h - a +30 ring of slaying (left hand)
 i - a +200 ring of slaying (right hand)
Scrolls
 f - a scroll of blinking


   Skills:
 O Level 27 Fighting
 O Level 27 Axes
 + Level 8.3 Throwing
 O Level 27 Armour
 O Level 27 Dodging
 O Level 27 Stealth
 + Level 7.9 Unarmed Combat
 + Level 11.3 Spellcasting
 O Level 27 Invocations


You had 41 spell levels left.
You didn't know any spells.
Your spell library was empty.

Dungeon Overview and Level Annotations

Branches:
Dungeon (1/1)

Altars:
Makhleb

Annotations:
D The Servant


Innate Abilities, Weirdness & Mutations

You are immune to poison.
Your flesh is cold resistant. (rC+)
You are immune to negative energy. (rN+++)
You are immune to unholy pain and torment.
You are vulnerable to heat. (rF-)
You are strongly in touch with the powers of death.
You do not drink.
You have a special connection with the divine. (Faith)


Message History

You hear a shout! x2
A bag of meat comes into view. It is wielding a +9 war axe. x3
The bag of meat is engulfed in blazing flames.
You hear a shout! x2
Your Armour skill gained 2 levels and is now at level 26!
You have mastered Stealth!
You have mastered Invocations!
The bag of meat shouts!
You carve the bag of meat like a ham!!!!
You fatally mangle the bag of meat.
You kill the bag of meat!
Makhleb accepts your kill.
You carve the bag of meat like a ham!!!!!
You chop the bag of meat into pieces.
You kill the bag of meat!
Makhleb accepts your kill.
You feel better.
You open the bag of meat like a pillowcase!!!
You fatally mangle the bag of meat.
You kill the bag of meat!
Makhleb accepts your kill.
You feel better.
You are engulfed in blazing flames.
You hear a shout! x3; You hear two shouts!
The Servant hits you from afar with a +9 glaive of flaming!!!!
The Servant burns you.
You have mastered Armour!
You need to enable at least one skill for training.
Your Throwing skill gained 7 levels and is now at level 8!
Your Unarmed Combat skill gained 7 levels and is now at level 7!
Your Spellcasting skill gained 11 levels and is now at level 11!
You have reached level 20!
You feel agile.
A bag of meat and a destroyer come into view.
The destroyer is wielding a +9 heavy great sword.
The sculptor of flesh appears out of thin air!
A sculptor of flesh comes into view. It is wielding a +9 great sword.
The bag of meat shouts!
You hear a shout! x4
The bag of meat is engulfed in blazing flames.
A bag of meat comes into view. It is wielding a +9 war axe. x2
The Servant hits you with a +9 glaive of flaming!!!!
You die...

.. .. .. ..... #.
.o.# #.. ...# ....
V###.. .o.###...o.
O.....###....OoO...
zo..O.._..o........
#o@@)o#......V#
#_§§§§#.O......
..#.Oo§o#......#.
...z.§§§§)oo......
.....o###)))o.....#
.###......)###.o...
#.......# ....
#.......# ..
.........


You could see The Servant, a destroyer (wandering), 2 sculptors of flesh, a
large bag of meat (inner flame), 3 meat berserkers and 11 bags of meat.

Vanquished Creatures
  4 vampire knights (D)
  10 ogres (D)
  2 two-headed ogres (D)
  16 orcs (D)
32 creatures vanquished.

Notes
Turn   | Place    | Note
-------+----------+-------------------------------------------
     0 | D        | Found the +∞ Axe of Woe
     0 | D        | sdynet the Mummy Gladiator began the quest for the Orb.
     0 | D        | Reached XP level 1. HP: 16/16 MP: 1/1
     2 | D        | Noticed a bag of meat
     2 | D        | Noticed a bag of meat
     3 | D        | Noticed a bag of meat
     5 | D        | Noticed a bag of meat
     5 | D        | Noticed a meat berserker
     6 | D        | Killed a bag of meat
     6 | D        | Killed a bag of meat
     6 | D        | Noticed a bag of meat
     6 | D        | Noticed a bag of meat
     7 | D        | Reached XP level 2. HP: 47/47 MP: 2/2
     7 | D        | Reached XP level 3. HP: 53/53 MP: 3/3
     7 | D        | Reached XP level 4. HP: 60/60 MP: 4/4
     7 | D        | Reached XP level 5. HP: 67/67 MP: 5/5
     7 | D        | Reached XP level 6. HP: 74/74 MP: 6/6
     7 | D        | Reached XP level 7. HP: 80/80 MP: 7/7
     7 | D        | Reached XP level 8. HP: 87/87 MP: 8/8
     7 | D        | Reached XP level 9. HP: 94/94 MP: 9/9
     7 | D        | Reached XP level 10. HP: 101/101 MP: 10/10
     7 | D        | Reached XP level 11. HP: 107/107 MP: 11/11
     7 | D        | Killed a bag of meat
     7 | D        | Noticed a bag of meat
     8 | D        | Reached XP level 12. HP: 119/119 MP: 12/12
     8 | D        | Killed a bag of meat
     8 | D        | Killed a bag of meat
     9 | D        | Gained mutation: You are strongly in touch with the powers
                  | of death. [Mummy growth]
     9 | D        | Reached XP level 13. HP: 130/130 MP: 13/13
     9 | D        | Killed a meat berserker
     9 | D        | Noticed a meat berserker
     9 | D        | Noticed a bag of meat
    10 | D        | Reached XP level 14. HP: 141/141 MP: 14/14
    10 | D        | Noticed a bag of meat
    10 | D        | Noticed a bag of meat
    10 | D        | Noticed a bag of meat
    10 | D        | Noticed a bag of meat
    10 | D        | Noticed a bag of meat
    11 | D        | Noticed a bag of meat
    11 | D        | Noticed a meat berserker
    12 | D        | Noticed a destroyer
    14 | D        | Killed a meat berserker
    14 | D        | Killed a bag of meat
    14 | D        | Noticed a meat berserker
    15 | D        | Noticed a meat berserker
    15 | D        | Noticed a meat berserker
    16 | D        | Killed a bag of meat
    17 | D        | Reached XP level 15. HP: 155/155 MP: 15/15
    17 | D        | Killed a meat berserker
    17 | D        | Noticed a meat berserker
    19 | D        | Killed a meat berserker
    20 | D        | Reached skill level 27 in Fighting
    20 | D        | Killed a meat berserker
    21 | D        | Reached XP level 16. HP: 167/167 MP: 16/16
    21 | D        | Became a worshipper of Makhleb the Destroyer
    21 | D        | Noticed a meat berserker
    22 | D        | Noticed a destroyer
    22 | D        | Killed a meat berserker
    22 | D        | Reached * piety under Makhleb
    22 | D        | Noticed a destroyer
    23 | D        | Reached skill level 27 in Axes
    23 | D        | Reached skill level 27 in Dodging
    23 | D        | Reached skill level 5 in Stealth
    23 | D        | Reached skill level 5 in Invocations
    23 | D        | Noticed a destroyer
    23 | D        | Noticed a large bag of meat
    24 | D        | Noticed a meat berserker
    24 | D        | Killed a destroyer
    24 | D        | Reached ** piety under Makhleb
    25 | D        | Reached XP level 17. HP: 132/174 MP: 16/26
    25 | D        | Killed a destroyer
    25 | D        | Reached *** piety under Makhleb
    25 | D        | Killed a meat berserker
    26 | D        | Reached XP level 18. HP: 168/182 MP: 16/30
    26 | D        | Killed a destroyer
    26 | D        | Reached **** piety under Makhleb
    27 | D        | Noticed a meat berserker
    27 | D        | Noticed a large bag of meat
    28 | D        | Killed a meat berserker
    29 | D        | Noticed The Servant
    30 | D        | Killed a meat berserker
    30 | D        | Reached ***** piety under Makhleb
    30 | D        | Killed a meat berserker
    30 | D        | Noticed a meat berserker
    30 | D        | Noticed a large bag of meat
    31 | D        | Reached XP level 19. HP: 189/189 MP: 17/35
    32 | D        | Killed a destroyer
    32 | D        | Killed a large bag of meat
    32 | D        | Noticed a meat berserker
    33 | D        | Killed a large bag of meat
    34 | D        | Reached skill level 27 in Stealth
    34 | D        | Reached skill level 27 in Invocations
    34 | D        | Reached ****** piety under Makhleb
    35 | D        | Reached skill level 27 in Armour
    35 | D        | Reached XP level 20. HP: 67/197 MP: 17/37
    35 | D        | Noticed a destroyer
    35 | D        | Annihilated by The Servant

Illustrated notes

Levels and vault maps discovered:
D:        meatsprint

Skill      XL: |  1  2  3  4  5  6  7  8  9 10 11 12 13 14 15 16 17 18 19 |
---------------+----------------------------------------------------------+-----
Fighting       | 17 19 21 22 25 27 | 27.0
Axes           | 14 16 18 19 21 25 27 | 27.0
Dodging        | 14 16 18 19 21 25 27 | 27.0
Armour         | 11 16 22 27 | 27.0
Stealth        | 12 17 24 27 | 27.0
Invocations    | 12 17 24 27 | 27.0
Throwing       | 8 |  8.3
Unarmed Combat | 7 |  7.9
Spellcasting   | 11 | 11.3

Action                     |  1- 3 |  4- 6 |  7- 9 | 10-12 | 13-15 | 16-18 | 19-21 || total
---------------------------+-------+-------+-------+-------+-------+-------+-------++-------
  Melee: Executioner's axe |     1 |       |       |     2 |     6 |     6 |     3 ||    18
 Armour: Leather armour    |       |       |       |       |       |     1 |     6 ||     7
  Dodge: Dodged            |     1 |       |       |       |     1 |     2 |       ||     4
